 Dungeon Crawl Stone Soup version 0.31-a0-259-g771a54ca4b (webtiles) character file.

Game seed: 2320698792357929250

91 qw the Shooter (level 4, 0/26 HPs)
             Began as a Gargoyle Hexslinger on July 13, 2023.
             Slain by a phantom (2 damage)
             ... on level 4 of the Dungeon.
             The game lasted 00:00:52 (2119 turns).

qw the Shooter (Gargoyle Hexslinger)                Turns: 2119, Time: 00:00:52

Health: 0/26       AC:  8    Str: 11    XL:     4   Next: 59%
Magic:  5/5        EV: 10    Int: 14    God:
Gold:   161        SH:  5    Dex: 14    Spells: 4/5 levels left

rFire   . . .        Y - +0 orcbow
rCold   . . .        (shield currently unavailable)
rNeg    + . .        c - +0 ring mail
rPois   inf          (no helmet)
rElec   +            (no cloak)
rCorr   .            (no gloves)
SInv    .            (no boots)
Will    .....        a - amulet of reflection
Stlth   +            (no ring)
HPRegen 0.24/turn    (no ring)
MPRegen 0.09/turn

%: reflection
@: about to teleport
A: sickness immunity, AC +3, negative energy resistance 1, electricity
resistance, torment resistance 1, petrification resistance
a: no special abilities


You were on level 4 of the Dungeon.
You visited 1 branch of the dungeon, and saw 4 of its levels.

You collected 161 gold pieces.


Innate Abilities, Weirdness & Mutations

You are immune to sickness and miasma.
Your stone body is resilient. (AC +3)
You are immune to poison.
You resist negative energy. (rN+)
You are resistant to electric shocks. (rElec)
You are resistant to unholy torment.
You are immune to petrification.


   Skills:
 - Level 2.1 Fighting
 - Level 4.2 Ranged Weapons
 + Level 0.5 Armour
 - Level 1.5 Dodging
 - Level 1.0 Spellcasting
 - Level 2.6 Hexes


You had 4 spell levels left.
You knew the following spells:

 Your Spells              Type           Power      Damage    Failure   Level
a - Slow                  Hex            32%        N/A       22%         1

Your spell library contained the following spells:

 Spells                   Type           Power      Damage    Failure   Level
 Inner Flame              Hex/Fire       4%         N/A       73%         3
 Portal Projectile        Hex/Tloc       8%         N/A       73%         3
 Cause Fear               Hex            4%         N/A       91%         4

Inventory:

Hand Weapons
 Y - a +0 orcbow (weapon)
Armour
 c - a +0 ring mail (worn)
Jewellery
 a - an amulet of reflection (around neck)
Scrolls
 b - 2 scrolls of teleportation
 g - a scroll of identify
 m - a scroll of enchant armour
Potions
 f - a potion of haste {unknown}
 h - 2 potions of might
 j - 3 potions of curing
 l - a potion of enlightenment {unknown}

Dungeon Overview and Level Annotations

Branches:
Dungeon (4/15)
 Temple: D:4-7

Altars:
Nemelex Xobeh
Qazlal
Ru
Vehumet


Message History

The phantom hits you but does no damage.
You shoot an arrow.
The arrow completely misses the phantom.
You block the phantom's attack. x2
You shoot an arrow. The arrow hits the phantom!
The phantom is heavily damaged.
The ball python closely misses you. The ball python completely misses you.
The endoplasm splashes around in the water.
You block the ball python's attack. The ball python grabs you.
The ball python constricts you.
The phantom hits you but does no damage.
The endoplasm hits you.
You shoot an arrow.
The arrow hits the ball python but does no damage.
The ball python bites you but does no damage.
The ball python constricts you.
The phantom hits you but does no damage.
The endoplasm hits you but does no damage.
You block the ball python's attack. The ball python constricts you.
The phantom hits you but does no damage.
You shoot an arrow.
The arrow closely misses the ball python.
The ball python barely misses you. The ball python constricts you.
The endoplasm freezes you.
You are frozen.
The phantom hits you but does no damage.
The ball python bites you. The ball python constricts you.
The endoplasm freezes you.
You are frozen.
You shoot an arrow.
The arrow completely misses the ball python.
You block the ball python's attack. The ball python constricts you.
The phantom hits you.
The phantom blinks!
You blink.
The ball python loses its grip on you.
Found 2 stones.
Enter note:
2119 ||| READING 3 scrolls of teleportation.
As you read the scroll of teleportation, it crumbles to dust.
You feel strangely unstable. The phantom hits you.
You die...

#...# #.#.. ####.#.#
#....#.. # ##
#######.###### #.
....(...##....#.. ~
#.###.####.##.##.#.#
~~~~#~~...~...~.~..#.#.#
~~~~~~~@W~~~~~~~~~.~...#
~~~.~~.~~.~.~~.~~~~~....
~.~~~~~~.~~~J~~~.~~~....
~.~~~~~~~~~.~~~~~..~####
.~.....~...S~.ยค#~~~~# #
......###.######~~~~# #
###### .# #~~~~# ## .#
#~~ ####. #...


You could see a phantom, an endoplasm and a ball python.

Vanquished Creatures
  3 adders (D:2)
  A worm (D:3)
  A dart slug (D:3)
  3 orcs
  6 endoplasms
  3 giant cockroaches
  7 goblins
  9 hobgoblins
  2 quokkas
  2 ball pythons (D:1)
  4 bats
  5 frilled lizards
  5 kobolds
  A rat (D:3)
52 creatures vanquished.

Notes
Turn   | Place    | Note
-------+----------+-------------------------------------------
     0 | D:1      | qw the Gargoyle Hexslinger began the quest for the Orb.
     0 | D:1      | Reached XP level 1. HP: 12/12 MP: 2/2
     0 | D:1      | 0 ||| qw: Version: 0.3-a-52-g30416fa
     0 | D:1      | 0 ||| qw: Game counter: 6904
     0 | D:1      | 0 ||| qw: Melee chars always use a shield: true
     0 | D:1      | 0 ||| qw: God list: Okawaru
     0 | D:1      | 0 ||| qw: Allow faded altars: false
     0 | D:1      | 0 ||| qw: Do Orc after clearing Dungeon:15 true
     0 | D:1      | 0 ||| qw: Do second Lair branch before Depths: true
     0 | D:1      | 0 ||| qw: Lair rune preference: random
     0 | D:1      | 0 ||| qw: Goals: Normal
     0 | D:1      | 0 ||| PLANNING D:1-11
   164 | D:1      | Reached XP level 2. HP: 16/16 MP: 3/3
   322 | D:1      | Reached skill level 3 in Ranged Weapons
   525 | D:1      | 525 ||| SWAPPING to +0 orcbow.
   540 | D:1      | 540 ||| DROPPING +1 sling.
   555 | D:1      | 555 ||| UPGRADING to +0 leather armour.
   565 | D:1      | 565 ||| DROPPING +0 robe.
   566 | D:1      | 566 ||| READING 2 scrolls labelled PIOVAD XOIMEQ.
   567 | D:1      | 567 ||| READING 2 scrolls labelled JADOK WANG.
   568 | D:1      | 568 ||| READING scroll labelled URAIKY ODWO.
   569 | D:1      | 569 ||| READING scroll labelled PIAWUPAKLE.
   570 | D:1      | 570 ||| READING scroll labelled TIOXAL JULI.
   574 | D:1      | 574 ||| DROPPING scroll of poison.
   575 | D:1      | 575 ||| DROPPING scroll of vulnerability.
   651 | D:2      | Reached XP level 3. HP: 12/21 MP: 4/4
  1020 | D:2      | Reached XP level 4. HP: 26/26 MP: 5/5
  1146 | D:2      | 1146 ||| UPGRADING to amulet of reflection.
  1151 | D:2      | 1151 ||| READING scroll labelled BUCIPS CAUS.
  1152 | D:2      | 1152 ||| READING scroll labelled ADYUWU ZE FIA.
  1153 | D:2      | 1153 ||| DRINKING 3 glowing emerald potions.
  1212 | D:3      | Found a sacrificial altar of Ru.
  1233 | D:3      | Found a radiant altar of Vehumet.
  1245 | D:3      | Found a stormy altar of Qazlal.
  1254 | D:3      | 1254 ||| FLEEEEING.
  1267 | D:3      | Reached skill level 4 in Ranged Weapons
  1304 | D:3      | Found a sparkling altar of Nemelex Xobeh.
  1709 | D:3      | Found a faded altar of an unknown god.
  1742 | D:3      | 1742 ||| UPGRADING to +0 ring mail.
  1752 | D:3      | 1752 ||| DROPPING +0 leather armour.
  1753 | D:3      | 1753 ||| READING scroll labelled HAGOQ RYNKI.
  1854 | D:3      | 1854 ||| READING scroll labelled GUAGYCASIN.
  1872 | D:3      | 1872 ||| DRINKING 3 golden potions.
  2105 | D:4      | Noticed a phantom
  2106 | D:4      | 2106 ||| Stepping ~*~*~tactically~*~*~ (water).
  2112 | D:4      | 2112 ||| Stepping ~*~*~tactically~*~*~ (water).
  2118 | D:4      | HP: 2/26 [phantom (5)]
  2119 | D:4      | 2119 ||| READING 3 scrolls of teleportation.
  2119 | D:4      | Slain by a phantom

Levels and vault maps discovered:
D:1:      matt_arrival_grand_opening, layout_basic
D:2:      layout_rooms, nrook_mini_vaults
D:3:      layout_basic, nicolae_ru_awakened_eye, nemelex_diamond_rough_becter,
          mainiacjoe_overflow_catwalk, overflow_temple_1_default,
          hellmonk_ecumenical_altar_inner_sanctum
D:4:      layout_loops_ring, okawaru_ov_weapons_minmay,
          chequers_serial_rivers_large_a, minmay_crossroads, uniq_grinder

Skill      XL: |  1  2  3  4 |
---------------+-------------+-----
Ranged Weapons | 3 4 |  4.2
Fighting       | 2 |  2.1
Armour         | |  0.5
Dodging        | |  1.5
Spellcasting   | |  1.0
Hexes          | |  2.6

Action                     |  1- 3 |  4- 6 || total
---------------------------+-------+-------++-------
   Fire: Sling             |    35 |       ||    35
         Orcbow            |    82 |    79 ||   161
    Use: Scroll            |     5 |     5 ||    10
         Potion            |       |     2 ||     2
 Armour: Robe              |     9 |       ||     9
         Leather armour    |    28 |     3 ||    31
         Ring mail         |       |    10 ||    10
  Dodge: Dodged            |    44 |    13 ||    57
  Block: Other             |       |     9 ||     9

Table legend:
 A = Non-vault XP
 B = Vault XP
 C = Vault XP percentage of total XP
 D = Non-vault monster count
 E = Vault monster count
 F = Vault count percentage of total count
                 A         B        C        D         E       F
            +---------+---------+-------+---------+---------+-------
      Total |     131 |       0 |   0.0 |      52 |       0 |   0.0
            +---------+---------+-------+---------+---------+-------
        D:1 |      23 |       0 |   0.0 |      15 |       0 |   0.0
        D:2 |      68 |       0 |   0.0 |      20 |       0 |   0.0
        D:3 |      30 |       0 |   0.0 |      12 |       0 |   0.0
        D:4 |      10 |       0 |   0.0 |       5 |       0 |   0.0
            +---------+---------+-------+---------+---------+-------
